 Dungeon Crawl Stone Soup version 0.27.1-33-g824d729ab1 (webtiles) character file.

Game seed: 7356718449833468399

3 comborobin the Covert (level 1, -3/23 HPs)
             Began as a Gnoll Delver on Dec 27, 2021.
             Slain by a black bear (4 damage)
             ... on level 4 of the Dungeon.
             The game lasted 00:00:31 (100 turns).

comborobin the Covert (Gnoll Delver)                 Turns: 100, Time: 00:00:31

Health: -3/23      AC:  3    Str: 11    XL:     1   Next: 50%
Magic:  1/1        EV: 13    Int:  9    God:
Gold:   7          SH:  0    Dex: 13    Spells: 0/0 levels left

rFire    . . .     SeeInvis .   h - +2 dagger (drain)
rCold    . . .     Faith    .   (no shield)
rNeg     . . .     Spirit   .   a - +0 leather armour
rPois    .         Reflect  .   (no helmet)
rElec    .         Harm     .   (no cloak)
rCorr    .         Rampage  .   (no gloves)
Will     .....                  (no boots)
Stlth    ++++......             (no amulet)
HPRegen  0.07/turn              (no ring)
MPRegen  0.07/turn              (no ring)

@: no status effects
A: fangs 1, strong nose, distributed training
a: no special abilities


You were on level 4 of the Dungeon.
You visited 1 branch of the dungeon, and saw 3 of its levels.

You collected 7 gold pieces.

Inventory:

Hand Weapons
 h - a +2 dagger of draining (weapon)
Armour
 a - a +0 leather armour (worn)
Wands
 f - a wand of digging (3)
Scrolls
 b - a scroll of fog
 c - a scroll of magic mapping
 d - a scroll of fear
 e - a scroll of identify {unknown}
 g - a scroll of enchant weapon {unknown}


   Skills:
 + Level 6.4 Fighting
 + Level 0.0 Short Blades
 + Level 0.0 Long Blades
 + Level 0.0 Axes
 + Level 0.0 Maces & Flails
 + Level 0.0 Polearms
 + Level 0.0 Staves
 + Level 0.0 Slings
 + Level 0.0 Bows
 + Level 0.0 Crossbows
 + Level 0.0 Throwing
 + Level 0.0 Armour
 + Level 4.4 Dodging
 + Level 9.5 Stealth
 + Level 0.0 Shields
 + Level 4.4 Unarmed Combat
 + Level 0.0 Spellcasting
 + Level 0.0 Conjurations
 + Level 0.0 Hexes
 + Level 0.0 Summonings
 + Level 0.0 Necromancy
 + Level 0.0 Translocations
 + Level 0.0 Transmutations
 + Level 0.0 Fire Magic
 + Level 0.0 Ice Magic
 + Level 0.0 Air Magic
 + Level 0.0 Earth Magic
 + Level 0.0 Poison Magic
 + Level 0.1 Invocations
 + Level 0.0 Evocations


You couldn't memorise any spells.
You didn't know any spells.
Your spell library was empty.

Dungeon Overview and Level Annotations

Branches:
Dungeon (6/15)
 Temple: D:4-7

Altars:


Innate Abilities, Weirdness & Mutations

You have very sharp teeth.
Your uncanny sense of smell can sniff out nearby items.
Your experience applies equally to all skills.


Message History

Found 26 stones.
The helpless goblin fails to defend itself.
You hit the goblin.
The goblin is severely wounded.
The orc shouts! x4
The goblin hits you with a +2 dagger of draining.
You feel drained.
The orc shouts!
You hit the goblin.
You kill the goblin!
Your life force feels restored.
Your extra speed is starting to run out.
The orc closely misses you.
You see here a +2 dagger of draining.
h - a +2 dagger of draining The orc barely misses you.
The orc hits you with a +0 hand axe.
You sense an unholy aura.
h - a +2 dagger of draining (weapon)
The orc closely misses you.
You hit the orc.
The orc is lightly wounded.
You hit the orc.
You kill the orc!
You feel yourself slow down.
You closely miss the orc. The orc hits you with a +0 club.
You are too injured to fight recklessly!
You are too injured to fight recklessly!
You hit the orc.
The orc is lightly wounded.
You are too injured to fight recklessly!
You barely miss the orc. You barely miss the orc. The orc barely misses you.
You barely miss the orc. The orc hits you with a +0 flail!
* * * LOW HITPOINT WARNING * * *
The black bear growls angrily.
Found a lumpy golden potion.
The black bear bites you.
* * * LOW HITPOINT WARNING * * *
The black bear claws you.
You die...

# #.###
#.######+####..#<#
#####.#........#.###.#
!...........ooo......##
####.#o###.##.#o###..#
#.# #....#.# ##.## #.#
######o# #..# #o#####
#.# ##.# #...h@####o#
#.# ######..)...# #.#
##.......##### #.#
.(.......# #.##
.........# #..#
.........# ##.#
.........# #.#
##.......# #.#
######### #h##


You could see a black bear and an orc.

Vanquished Creatures
  An orc (D:4)
  A goblin (D:4)
2 creatures vanquished.

Notes
Turn   | Place    | Note
-------+----------+-------------------------------------------
     0 | D:5      | Reached skill level 9 in Stealth
     0 | D:5      | comborobin the Gnoll Delver began the quest for the Orb.
     0 | D:5      | Reached XP level 1. HP: 23/23 MP: 1/1
     9 | D:5      | Noticed a sky beast
    25 | D:4      | Noticed a black bear
    78 | D:4      | HP: 1/23 [orc (7)]
   100 | D:4      | HP: 1/23 [black bear (1)]
   100 | D:4      | Slain by a black bear

Illustrated notes

Levels and vault maps discovered:
D:4:      layout_basic, temple_pool_b, kennysheep_generic_room_10,
          uniq_crazy_yiuf_cottage
D:5:      layout_gridville, kb_lookout_dungeons_type, minmay_shop_damaged,
          minmay_misc_feat_hallway
D:6:      layout_loops_corners

Skill      XL: | |
---------------+-+-----
Stealth        | |  9.5
Fighting       | |  6.4
Dodging        | |  4.4
Unarmed Combat | |  4.4
Invocations    | |  0.1

Action                   || total
-------------------------++-------
Melee: Dagger            ||     7
       Unarmed           ||     2
  Use: Potion            ||     1
 Stab: Sleeping          ||     1
Dodge: Dodged            ||     4
